AoeStats
← Technotronic

Arabian Desert

508717477Analyzed
1v1 RM · 7d ago on Sep 23, 2026· 64m 14s· 2 players
Game mode
Random Map
Map size
Tiny (2 player)
Population
200
Speed
Normal
Resources
Standard
Victory
Conquest
Starting age
Dark Age
Ending age
Imperial Age
RankedLock teamsTeams togetherTeam positionsShared explorationLock speedFull tech treeHidden civsTurbo modeCheats
Victory
Defeat
🇦🇷 Ethiopians · Argentina
1213
+16
🇪🇸 Khitans · Spain
1208
-16
|GaoeG| Joseba77
6:46 Loom
9:42 Feudal Age
10:15 Double-Bit Axe
10:22 Domestication
19:08 Fletching
19:30 Padded Archer Armor
20:47 Scale Barding Armor
22:58 Castle Age
22:04 Forging
24:06 Chain Barding Armor
24:22 Iron Casting
23:51 Light Cavalry
25:54 Husbandry
26:39 Bodkin Arrow
27:51 Elite Skirmisher
29:39 Leather Archer Armor
34:30 Wheelbarrow
43:11 Imperial Age
43:35 Ballistics
43:24 Thumb Ring
43:19 Elite Steppe Lancer
45:38 Bracer
46:09 Ring Archer Armor
48:55 Plate Barding Armor
51:02 Lamellar Armor
51:48 Hussar
54:30 Chemistry
54:26 Conscription
55:04 Bow Saw
55:17 Heavy Camel Rider
Technotronic
4:49 Loom
11:15 Feudal Age
11:45 Double-Bit Axe
14:09 Gold Mining
14:19 Fletching
25:16 Castle Age
23:14 Horse Collar
24:33 Wheelbarrow
25:31 Gold Mining
26:23 Bow Saw
25:40 Crossbowman
26:17 Bodkin Arrow
26:23 Padded Archer Armor
27:13 Heavy Plow
31:26 Ballistics
32:25 Scale Mail Armor
32:35 Forging
32:15 Light Cavalry
33:11 Scale Barding Armor
33:42 Hand Cart
35:06 Chain Barding Armor
35:37 Town Watch
36:26 Masonry
40:53 Imperial Age
40:50 Gold Shaft Mining
40:10 Stone Mining
41:42 Leather Archer Armor
43:26 Conscription
43:12 Bracer
42:33 Arbalester
43:19 Thumb Ring
44:15 Chemistry
43:45 Architecture
44:46 Two-Man Saw
48:28 Town Patrol
48:30 Squires
48:55 Siege Engineers
48:47 Murder Holes
48:51 Cavalier
50:30 Stone Shaft Mining
50:46 Forging
51:07 Ring Archer Armor
51:50 Light Cavalry
52:30 Husbandry
53:27 Iron Casting
54:40 Hussar
60:27 Blast Furnace
Connection lost

Rejoining the realm…

Still unreachable

The connection could not be restored.

Session expired

The server has moved on; the page needs a fresh start.